 Dungeon Crawl Stone Soup version 0.19.0 (webtiles) character file.

10170 Eucla the Carver (level 11, -7/62 HPs)
             Began as a Deep Elf Chaos Knight on Nov 16, 2016.
             Mangled by CanadianGator's ghost (28 damage)
             ... on level 9 of the Dungeon.
             The game lasted 00:26:25 (13297 turns).

Eucla the Carver (Deep Elf Chaos Knight)           Turns: 13297, Time: 00:26:25

Health: -7/62      AC: 12    Str: 14    XL:     11   Next: 32%
Magic:  24/24      EV: 17    Int: 18    God:    Xom [.....*]
Gold:   234        SH: 12    Dex: 27    Spells: 1 memorised, 27 levels left

rFire  . . .     SeeInvis +     n - +0 falchion (elec)
rCold  + . .     Gourm    .     o - +3 ring mail {rPois}
rNeg   + . .     Faith    .     g - +0 shield
rPois  +         Spirit   .     s - +2 helmet
rElec  +         Reflect  .     e - +0 cloak
rCorr  .         Harm     .     (no gloves)
MR     +....                    x - +0 pair of boots of the Bouncing Wishes {rN+ Dex+4}
Stlth  +++.......               (no amulet)
                                b - ring of see invisible
                                p - +2 ring of slaying

@: agile
A: iridescent scales 1, large bone plates 1, camouflage 1, agile 2, cold
resistance 1, deformed body, low mp 1, sense surroundings 1, electricity
resistance, strong 1, wild magic 1, sturdy frame 1
a: Renounce Religion


You were on level 9 of the Dungeon.
You worshipped Xom.
You were Xom's teddy bear.
You were very full.

You visited 1 branch of the dungeon, and saw 9 of its levels.

You collected 591 gold pieces.
You spent 357 gold pieces at shops.

Inventory:

Hand Weapons
 n - a +0 falchion of electrocution (weapon)
 q - the +5 shortbow of Dishonour {flame, Str+5 Int-3 SInv}
   (You found it on level 7 of the Dungeon)

   It causes projectiles fired from it to burn those they strike, causing extra
   injury to most foes and up to half again as much damage against particularly
   susceptible opponents.
   It affects your strength (+5).
   It affects your intelligence (-3).
   It lets you see invisible.
 v - a +2 shortbow of freezing
 w - a +3 long sword of freezing
 I - a +1 scimitar of flaming
Missiles
 y - 57 arrows
Armour
 e - a +0 cloak (worn)
 g - a +0 shield (worn)
 h - a +0 hat of magic resistance
 o - a +3 ring mail of poison resistance (worn)
 s - a +2 helmet (worn)
 x - the +0 pair of boots of the Bouncing Wishes (worn) {rN+ Dex+4}
   (You acquired it on level 7 of the Dungeon)

   It affects your dexterity (+4).
   It protects you from negative energy.
Jewellery
 a - an uncursed ring of positive energy
 b - a ring of see invisible (right hand)
 d - an uncursed ring of ice
 p - a +2 ring of slaying (left hand)
Wands
 E - a wand of flame (23/48)
 G - a wand of lightning (7/15)
 K - a wand of disintegration (8/24)
Scrolls
 f - 2 scrolls of magic mapping
 j - 2 scrolls of identify
 z - 2 scrolls of remove curse
 H - a scroll of teleportation
Potions
 k - 4 potions of flight
 l - 2 potions of resistance
 m - 2 potions of brilliance
 B - a potion of curing
 C - 3 potions of heal wounds
 D - a potion of cancellation
 F - a potion of invisibility
Books
 i - a Young Poisoner's Handbook

   Spells                             Type                      Level
   a - Sting                          Conjuration/Poison           1
   b - Mephitic Cloud                 Conjuration/Poison/Air       3
   c - Olgreb's Toxic Radiance        Poison                       4
   d - Alistair's Intoxication        Transmutation/Poison         5
   e - Venom Bolt                     Conjuration/Poison           5
 r - a book of Callings

   Spells                             Type                      Level
   a - Summon Small Mammal            Summoning                    1
   b - Call Imp                       Summoning                    2
   c - Call Canine Familiar           Summoning                    3
   d - Summon Guardian Golem          Hexes/Summoning              3
   e - Summon Lightning Spire         Summoning/Air                4
   f - Summon Ice Beast               Ice/Summoning                4
Comestibles
 c - 2 bread rations
 A - 5 royal jellies


   Skills:
 - Level 4.5 Fighting
 * Level 12.0 Long Blades
 - Level 0.7 Armour
 - Level 5.1 Dodging
 + Level 9.9 Spellcasting
 + Level 8.4 Summonings


You had 27 spell levels left.
You knew the following spells:

 Your Spells              Type           Power        Failure   Level  Hunger
a - Call Imp              Summ           ######..     8%          2    None


Dungeon Overview and Level Annotations

Branches:
Dungeon (9/15)             Temple (0/1) D:4
   Lair: D:8-11         Orc: D:9-12

Altars:
Ashenzari
Cheibriados
Dithmenos
Gozag
Nemelex Xobeh
Uskayaw
Vehumet
Xom
Zin
The Shining One

Shops:
D:8 *

Annotations:
D:9 CanadianGator's ghost, novice TrBe


Innate Abilities, Weirdness & Mutations

You are partially covered in iridescent scales. (AC +2)
You are partially covered in large bone plates. (SH +4)
Your skin changes colour to match your surroundings (Stealth+).
You are very agile. (Dex +4)
Your flesh is cold resistant. (rC+)
Armour fits poorly on your strangely shaped body.
Your magical capacity is low. (-10% MP)
You passively map a small area around you.
You are resistant to electric shocks. (rElec)
Your muscles are strong. (Str +2)
Your spells are a little harder to cast, but a little more powerful.
Your movements are slightly less encumbered by armour. (ER -2)


Message History

You hit CanadianGator's ghost.
CanadianGator's ghost is heavily damaged.
CanadianGator's ghost closely misses you.
Your crimson imp hits CanadianGator's ghost but does no damage.
Your white imp closely misses CanadianGator's ghost.
Your shield prevents you from hitting CanadianGator's ghost.
CanadianGator's ghost is heavily damaged.
You block CanadianGator's ghost's attack.
Your crimson imp misses CanadianGator's ghost.
Your white imp misses CanadianGator's ghost.
You closely miss CanadianGator's ghost.
CanadianGator's ghost is heavily damaged.
You block CanadianGator's ghost's attack.
Your crimson imp barely misses CanadianGator's ghost.
You miss CanadianGator's ghost.
CanadianGator's ghost is heavily damaged.
Your white imp completely misses CanadianGator's ghost.
CanadianGator's ghost hits you!!
You die...
Xom roars with laughter!

, ,, ,#.[# #..# #. #......
, .......#..# #..#
#.##...... .......#..#
#..# #.##......
.......#..# #..#
#.##...... , .......#..#
#..# #.##......
.......#..# #..#
#.##...... ........ยง#
#..# #.........
*#.....###..#####.........
,
#......5@........##......
*
#..##..W5........##......
#..*#.####..####.##......
#..*#.# #..# #.##..#### *
#..*#.# #..# #.##..# # #..
#.# #..# #.##..# # * #..
#.# #..# #.##..# # * #..
#.# #..# #.##..# # #..#
.##..# #


You could see CanadianGator's ghost, a friendly crimson imp and a friendly white
imp.

Vanquished Creatures
  Gastronok (D:9)
  Erica (D:8)
  An unseen horror (D:7)
  A manticore (D:7)
  A deep elf mage (D:7)
  A cyclops (D:9)
  A shadow (D:7)
  A yak (D:7)
  A vampire mosquito (D:7)
  Edmund (D:6)
  4 ice beasts
  5 sky beasts
  2 black bears
  3 orc warriors
  A phantom (D:6)
  6 ogres
  The ghost of Tiruin the Slasher, an amateur FoGl (D:3)
  A crocodile (D:7)
  3 bullfrogs
  A gnoll sergeant (D:6)
  5 scorpions
  6 killer bees (D:7)
  8 wights
  3 howler monkeys
  A bullfrog zombie (D:5)
  5 crimson imps
  A centaur zombie (D:5)
  6 hounds
  2 bullfrog skeletons (D:4)
  5 orc priests
  3 jellies
  2 centaur skeletons
  2 iguanas
  7 orc wizards
  Natasha (twice) (D:2)
  11 worker ants
  A killer bee zombie (D:6)
  A hound skeleton (D:7)
  A worker ant zombie (D:6)
  Robin (D:1)
  10 gnolls
  2 howler monkey zombies
  10 adders
  7 oozes
  5 worms
  An adder skeleton (D:5)
  An adder zombie (D:6)
  2 dart slugs
  5 leopard geckos
  36 orcs
  4 giant cockroaches
  20 goblins
  7 hobgoblins
  2 jackals (D:4)
  5 kobolds
  5 quokkas
  2 ball pythons (D:4)
  6 bats
  7 frilled lizards
  A leopard gecko skeleton (D:7)
  2 leopard gecko zombies
  A quokka skeleton (D:7)
  10 rats
261 creatures vanquished.

Vanquished Creatures (collateral kills)
  An ugly thing (D:7)
  A hill giant (D:7)
  A cyclops (D:7)
  A crimson imp (D:5)
  An orc priest (D:5)
  Natasha (D:2)
  2 adders
  A worm (D:2)
  A leopard gecko (D:2)
  2 goblins (D:3)
12 creatures vanquished.

Vanquished Creatures (others)
  A slime creature (D:7)
  A gnoll (D:6)
  A frilled lizard (D:2)
  12 plants (D:7)
15 creatures vanquished.

Grand Total: 288 creatures vanquished

Notes
Turn   | Place    | Note
-------+----------+-------------------------------------------
     0 | D:1      | Eucla the Deep Elf Chaos Knight began the quest for the Orb.
     0 | D:1      | Reached XP level 1. HP: 13/13 MP: 3/3
    52 | D:1      | XOM: potion effect (brilliance)
    52 | D:1      | XOM: butterfly on damage
    67 | D:1      | Reached skill level 3 in Long Blades
    73 | D:1      | Reached XP level 2. HP: 9/18 MP: 4/4
   128 | D:1      | XOM: silly message
   445 | D:1      | XOM: medium Chrm miscast
   524 | D:1      | XOM: medium Ice miscast
   524 | D:1      | XOM: smoke on damage
   567 | D:1      | XOM: noise
   572 | D:1      | Reached XP level 3. HP: 11/22 MP: 5/5
   597 | D:1      | XOM: god gift: 34 gold pieces
   786 | D:2      | Noticed Robin
   790 | D:1      | Killed Robin
  1150 | D:1      | XOM: god gift: falchion {god gift}
  1277 | D:2      | Reached XP level 4. HP: 17/28 MP: 6/6
  1453 | D:2      | Noticed Natasha
  1453 | D:2      | XOM: summons 4 friendly demons
  1460 | D:2      | Killed Natasha
  1472 | D:2      | Noticed Natasha
  1483 | D:2      | Killed Natasha
  1701 | D:2      | XOM: cast spell 'Summon Ice Beast'
  1707 | D:2      | Reached skill level 4 in Long Blades
  1714 | D:2      | Reached XP level 5. HP: 32/32 MP: 7/7
  1807 | D:2      | Noticed Natasha
  1807 | D:2      | XOM: enchant monster (good)
  1820 | D:2      | Killed Natasha
  1936 | D:2      | XOM: confusion (+ monsters)
  2072 | D:2      | Gained mutation: You can translocate small distances at will. [potion of mutation]
  2072 | D:2      | Gained mutation: You are agile. (Dex +2) [potion of mutation]
  2072 | D:2      | Gained mutation: You are resistant to electric shocks. (rElec) [potion of mutation]
  2158 | D:3      | Noticed Tiruin's ghost (amateur FoGl)
  2158 | D:3      | XOM: summons friendly ufetubus
  2160 | D:3      | XOM: potion effect (might)
  2179 | D:3      | Killed Tiruin's ghost
  2428 | D:3      | Noticed an orc warrior
  2429 | D:3      | XOM: noise
  2434 | D:3      | XOM: smoke on damage
  2441 | D:3      | XOM: enchant monster (good)
  2443 | D:3      | XOM: enchant monster (good)
  2453 | D:2      | HP: 1/33 [orc warrior/dire flail (13)]
  2453 | D:2      | XOM: butterfly on damage
  2465 | D:2      | XOM: summons friendly quasit
  2469 | D:2      | Killed an orc warrior
  2469 | D:2      | Reached XP level 6. HP: 3/38 MP: 8/8
  2770 | D:3      | Reached skill level 5 in Long Blades
  3163 | D:3      | XOM: harmless Air miscast
  3405 | D:3      | Found a snail-covered altar of Cheibriados.
  3405 | D:3      | Found a hide-covered altar of Uskayaw.
  3410 | D:3      | Found a faded altar of an unknown god.
  3412 | D:3      | Found a faded altar of an unknown god.
  3414 | D:3      | Found a shattered altar of Ashenzari.
  3526 | D:3      | Reached XP level 7. HP: 43/43 MP: 9/9
  3680 | D:4      | XOM: harmless Necr miscast
  3681 | D:4      | Reached skill level 5 in Dodging
  3889 | D:4      | Found a staircase to the Ecumenical Temple.
  3953 | D:4      | XOM: god gift: 28 stones
  3956 | D:4      | Found a shadowy altar of Dithmenos.
  4287 | D:5      | Entered Level 5 of the Dungeon
  4322 | D:5      | Reached skill level 6 in Long Blades
  4336 | D:5      | XOM: enchant monster (good)
  4536 | D:5      | XOM: harmless Tloc miscast
  4546 | D:5      | XOM: smoke on damage
  4547 | D:5      | XOM: 1-stop teleportation journey
  4562 | D:5      | XOM: god gift: robe {god gift}
  4791 | D:5      | XOM: god gift: book of Callings
  4798 | D:5      | Learned a level 2 spell: Call Imp
  4808 | D:5      | Found an opulent altar of Gozag.
  4895 | D:5      | XOM: confuse monster(s)
  4929 | D:5      | Paralysed by an orc priest for 6 turns
  4938 | D:5      | Paralysed by an orc priest for 6 turns
  4947 | D:5      | Reached skill level 1 in Spellcasting
  4947 | D:5      | Reached XP level 8. HP: 12/48 MP: 11/11
  4967 | D:5      | Reached skill level 7 in Long Blades
  4967 | D:5      | Reached skill level 1 in Summonings
  5222 | D:5      | XOM: snakes to sticks
  5228 | D:5      | HP: 2/48 [orc priest/divine providence (8)]
  5230 | D:5      | XOM: harmless Tmut miscast
  5523 | D:5      | Found a glowing golden altar of the Shining One.
  5742 | D:5      | XOM: mild Necr miscast
  5862 | D:5      | XOM: stat loss: -1 Str (10/11)
  5954 | D:6      | XOM: give mutation
  5954 | D:6      | Gained mutation: Armour fits poorly on your strangely shaped body. [Xom's mischief]
  6296 | D:6      | XOM: noise
  6303 | D:6      | XOM: noise
  6324 | D:6      | XOM: mild Chrm miscast
  6524 | D:5      | Reached skill level 8 in Long Blades
  6641 | D:6      | Found a sparkling altar of Nemelex Xobeh.
  6642 | D:6      | Found a shimmering altar of Xom.
  6956 | D:6      | XOM: enchant monster (bad)
  7108 | D:6      | XOM: give mutation
  7108 | D:6      | Gained mutation: You are dopey. (Int -2) [Xom's mischief]
  7129 | D:6      | XOM: enchant monster (bad)
  7133 | D:6      | XOM: harmless Erth miscast
  7144 | D:6      | Noticed Edmund
  7158 | D:6      | XOM: enchant monster (bad)
  7181 | D:6      | Killed Edmund
  7181 | D:6      | Reached XP level 9. HP: 14/52 MP: 16/18
  7202 | D:6      | XOM: give mutations
  7202 | D:6      | Lost mutation: You are dopey. (Int -2) [Xom's mischief]
  7486 | D:6      | XOM: 3-stop teleportation journey
  7515 | D:6      | XOM: god gift: scimitar {god gift}
  7566 | D:6      | XOM: god gift: scroll of teleportation
  7603 | D:6      | Reached skill level 5 in Spellcasting
  7790 | D:6      | XOM: destruction
  8132 | D:6      | XOM: divination: magic mapping
  8182 | D:7      | XOM: give mutations
  8182 | D:7      | Gained mutation: Your flesh is cold resistant. (rC+) [Xom's grace]
  8182 | D:7      | Gained mutation: Your spells are a little harder to cast, but a little more powerful. [Xom's grace]
  8182 | D:7      | Gained mutation: Your movements are slightly less encumbered by armour. (ER -2) [Xom's grace]
  8182 | D:7      | Gained mutation: You are partially covered in iridescent scales. (AC +2) [Xom's grace]
  8186 | D:7      | Gained mutation: You are very agile. (Dex +4) [mutagenic meat]
  8226 | D:7      | Reached skill level 9 in Long Blades
  8273 | D:7      | Found a radiant altar of Vehumet.
  8344 | D:7      | Reached skill level 5 in Summonings
  8351 | D:7      | Identified a scroll of acquirement
  8354 | D:7      | Got a pair of smoking boots
  8365 | D:7      | Identified the +0 pair of boots of the Bouncing Wishes {rN+ Dex+4} (You acquired it on level 7 of the Dungeon)
  8432 | D:7      | XOM: snakes to sticks
  8480 | D:7      | XOM: god gift: 23 gold pieces
  8664 | D:7      | XOM: potion effect (haste)
  8673 | D:7      | XOM: harmless Hex miscast
  8960 | D:7      | Noticed a manticore
  8973 | D:7      | Gained mutation: You tend to lose your temper in combat. [potion of mutation]
  8974 | D:7      | Lost mutation: You can translocate small distances at will. [potion of mutation]
  9140 | D:7      | XOM: potion effect (agility)
  9158 | D:7      | Gained mutation: Your magical capacity is low. (-10% MP) [mutagenic meat]
  9248 | D:7      | XOM: harmless Ice miscast
  9462 | D:7      | XOM: give mutations
  9462 | D:7      | Gained mutation: You evolve. [Xom's grace]
  9462 | D:7      | Gained mutation: Your skin changes colour to match your surroundings (Stealth+). [Xom's grace]
 10100 | D:7      | Noticed a deep elf mage
 10104 | D:7      | XOM: summons 5 friendly demons
 10106 | D:7      | XOM: confuse monster(s)
 10135 | D:7      | XOM: give mutations
 10135 | D:7      | Gained mutation: You are partially covered in large bone plates. (SH +4) [Xom's grace]
 10135 | D:7      | Gained mutation: You passively map a small area around you. [Xom's grace]
 10135 | D:7      | Gained mutation: You are resistant to hostile enchantments. (MR+) [Xom's grace]
 10522 | D:7      | Killed an unseen horror
 10522 | D:7      | Reached skill level 10 in Long Blades
 10522 | D:7      | Reached XP level 10. HP: 6/58 MP: 19/20
 10579 | D:7      | XOM: summons 2 hostile shadow creatures
 10828 | D:7      | Killed a deep elf mage
 10840 | D:7      | Noticed a green ugly thing
 10840 | D:7      | XOM: scenery: create altars
 10852 | D:7      | XOM: summons 5 friendly demons
 10853 | D:7      | Noticed a hill giant
 10857 | D:7      | Killed a green ugly thing
 10863 | D:7      | Killed a hill giant
 11004 | D:7      | Gained mutation: Your muscles are strong. (Str +2) [evolution]
 11089 | D:7      | XOM: cloud trail
 11133 | D:7      | Killed a manticore
 11134 | D:7      | XOM: divination: magic mapping
 11145 | D:7      | Noticed a cyclops
 11234 | D:7      | XOM: summons 3 friendly demons
 11236 | D:7      | Killed a cyclops
 11281 | D:7      | XOM: cleaving
 11289 | D:7      | XOM: divine lightning (protected)
 11378 | D:7      | XOM: god gift: small jade ring {god gift}
 11406 | D:7      | XOM: god gift: heavily runed scale mail {god gift}
 11409 | D:7      | Got a heavily runed scale mail {god gift}
 11420 | D:7      | Identified the +1 scale mail "Jymuak" {rElec} (Xom gifted it to you on level 7 of the Dungeon)
 11614 | D:7      | Reached skill level 11 in Long Blades
 11642 | D:7      | Got a shimmering shortbow
 11666 | D:7      | XOM: god gift: 38 gold pieces
 11968 | D:8      | XOM: cast spell 'Ice Form'
 12091 | D:8      | XOM: scenery: create altars
 12313 | D:8      | Found Qagox's Assorted Antiques.
 12313 | D:8      | XOM: cloud trail
 12328 | D:8      | Bought a bronze wand for 96 gold pieces
 12328 | D:8      | Bought a scroll of remove curse for 72 gold pieces
 12328 | D:8      | Bought a murky emerald potion for 21 gold pieces
 12328 | D:8      | Bought a blackened copper wand for 96 gold pieces
 12328 | D:8      | Bought a scroll of teleportation for 72 gold pieces
 12372 | D:8      | Noticed Erica
 12381 | D:8      | XOM: divination: detect creatures
 12384 | D:8      | Killed Erica
 12384 | D:8      | Reached XP level 11. HP: 62/62 MP: 23/23
 12400 | D:8      | Lost mutation: You are resistant to hostile enchantments. (MR+) [potion of mutation]
 12469 | D:8      | XOM: polymorph jelly -> worm
 12487 | D:8      | XOM: harmless Fire miscast
 12503 | D:8      | XOM: cast spell 'Dispersal'
 12624 | D:8      | Lost mutation: You tend to lose your temper in combat. [mutagenic meat]
 12655 | D:8      | Found a glowing silver altar of Zin.
 12766 | D:8      | Lost mutation: You evolve. [end of evolution]
 12791 | D:9      | XOM: mild Air miscast
 12801 | D:9      | XOM: polymorph centaur -> worker ant
 12914 | D:9      | XOM: swap monsters
 12919 | D:9      | XOM: scenery: create altars
 13040 | D:9      | Identified the +5 shortbow of Dishonour {flame, Str+5 Int-3 SInv} (You found it on level 7 of the Dungeon)
 13096 | D:9      | Noticed Gastronok
 13099 | D:9      | XOM: divination: detect creatures
 13106 | D:9      | XOM: enchant monster (good)
 13109 | D:9      | XOM: fog
 13112 | D:9      | Killed Gastronok
 13112 | D:9      | Reached skill level 12 in Long Blades
 13258 | D:9      | Noticed CanadianGator's ghost (novice TrBe)
 13260 | D:9      | XOM: fog
 13263 | D:9      | XOM: enchant monster (good)
 13297 | D:9      | Mangled by CanadianGator's ghost

Skill      XL: |  1  2  3  4  5  6  7  8  9 10 11 |
---------------+----------------------------------+-----
Long Blades    | 3 4 5 6 8 10 11 12 | 12.0
Dodging        | 3 4 5 |  5.1
Fighting       | 3 4 |  4.5
Spellcasting   | 1 4 7 9 |  9.9
Summonings     | 4 6 7 8 |  8.4
Armour         | |  0.7

Action                   |  1- 3 |  4- 6 |  7- 9 | 10-12 || total
-------------------------+-------+-------+-------+-------++-------
Melee: Falchion          |    81 |   166 |   545 |   277 ||  1069
       Unarmed           |       |       |       |    15 ||    15
 Cast: Call Imp          |       |       |       |     6 ||     6
  Use: Potion            |     1 |     3 |     8 |     2 ||    14
       Scroll            |       |     9 |     8 |     4 ||    21
 Stab: Petrifying        |     1 |       |       |       ||     1
       Petrified         |       |    10 |       |       ||    10
       Sleeping          |       |     1 |     2 |     2 ||     5
       Paralysed         |       |     1 |       |       ||     1
       Betrayed ally     |       |       |     1 |     1 ||     2
       Distracted        |       |       |       |     2 ||     2
  Eat: Chunk             |     1 |     5 |    10 |     8 ||    24
       Beef jerky        |       |     2 |     1 |       ||     3
       Meat ration       |       |       |     2 |       ||     2
       Bread ration      |       |       |     3 |       ||     3
       Royal jelly       |       |       |       |     5 ||     5
       Pizza             |       |       |       |     1 ||     1
Armor: Leather armour    |    42 |    54 |    78 |       ||   174
       Ring mail         |     6 |       |   106 |    54 ||   166
       Skin              |       |       |       |     5 ||     5
Dodge: Dodged            |    63 |   109 |   222 |    92 ||   486
Block: Shield            |       |       |   183 |   124 ||   307
       Rpst.: Falchion   |    18 |    31 |    65 |    13 ||   127
